 Dungeon Crawl Stone Soup version 0.29-a0-857-g9b1aa3ac5b (webtiles) character file.

Game seed: 5360523991108716097

1679182 Nato the Slayer (level 24, 239/239 HPs)
             Began as a Minotaur Fighter on July 12, 2022.
             Was a High Priest of Okawaru.
             Escaped with the Orb
             ... and 3 runes on July 17, 2022!
             The game lasted 05:16:10 (63308 turns).

Nato the Slayer (Minotaur Fighter)                 Turns: 63308, Time: 05:16:11

Health: 239/239    AC: 54    Str: 46    XL:     24   Next: 41%
Magic:  26/26      EV: 23    Int: 15    God:    Okawaru [*****.]
Gold:   3130       SH: 37    Dex: 30    Spells: 23/23 levels left

rFire   + . .      SeeInvis +   q - +9 eveningstar of Okawaru's Displeasure {drain, Str+3}
rCold   . . .      Faith    .   R - +4 tower shield {AC+3}
rNeg    + . .      Spirit   .   b - +13 crystal plate armour of Okawaru's Approval {rPois Int+2}
rPois   +          Reflect  +   H - +3 crown of Dyrovepreva {rElec Int+2 SInv}
rElec   +          Harm     .   j - +0 cloak {Will+}
rCorr   +          Rampage  +   l - +0 pair of gloves of Jedabani {Str+4 Int+4}
Will    ++...                   Z - +0 pair of boots {rampage}
Stlth   ..........              c - amulet "Qufaqick" {Reflect Int+2 Dex+3 SH+5}
HPRegen 0.49/turn               E - ring "Puedgh" {rF+ rN+ Str+4 Dex+6}
MPRegen 0.20/turn               L - ring "Famutooq" {rCorr Str+6 Dex+7}

@: no status effects
A: horns 2, retaliatory headbutt, deterioration 2, low MP 1, subdued magic 1,
inability to drink while threatened 1
0: Orb of Zot
}: 3/15 runes: serpentine, barnacled, silver
a: Renounce Religion, Heroism, Finesse, Duel


You escaped.
You worshipped Okawaru.
Okawaru was extremely pleased with you.
You visited 10 branches of the dungeon, and saw 47 of its levels.
You visited the Abyss 1 time.
You visited 1 bazaar.
You also visited: Gauntlet and Ice Cave.

You collected 4914 gold pieces.
You spent 1784 gold pieces at shops.

Inventory:

Hand Weapons
 q - the +9 eveningstar of Okawaru's Displeasure (weapon) {drain, Str+3}
   (Okawaru gifted it to you on level 15 of the Dungeon)

   A truly terrible weapon, it drains the life of any living foe it strikes.
   Str:       It affects your strength (+3).
 V - a +0 eveningstar of chaos
Missiles
 f - 19 javelins
 p - 4 atropa-tipped darts
 F - 4 throwing nets
 Q - 8 curare-tipped darts (quivered)
Armour
 b - the +13 crystal plate armour of Okawaru's Approval (worn) {rPois Int+2}
   (Okawaru gifted it to you on level 4 of the Vaults)

   Int:       It affects your intelligence (+2).
   rPois:     It protects you from poison.
 j - a +0 cloak of willpower (worn)
 l - the +0 pair of gloves of Jedabani (worn) {Str+4 Int+4}
   (Okawaru gifted it to you on level 1 of the Vaults)

   Str:       It affects your strength (+4).
   Int:       It affects your intelligence (+4).
 H - the +3 crown of Dyrovepreva (worn) {rElec Int+2 SInv}
   (You found it on level 3 of the Vaults)

   Int:       It affects your intelligence (+2).
   rElec:     It insulates you from electricity.
   SInv:      It lets you see invisible.
 R - a +4 tower shield of protection (worn)
 Z - a +0 pair of boots of rampaging (worn)
Jewellery
 c - the amulet "Qufaqick" (around neck) {Reflect Int+2 Dex+3 SH+5}
   (You found it on level 2 of the Vaults)

   [amulet of reflection]

   It reflects blocked missile attacks.
   Int:       It affects your intelligence (+2).
   Dex:       It affects your dexterity (+3).
   SH:        It affects your SH (+5).
 E - the ring "Puedgh" (left hand) {rF+ rN+ Str+4 Dex+6}
   (You found it in a Gauntlet)

   [ring of dexterity]

   Str:       It affects your strength (+4).
   Dex:       It affects your dexterity (+6).
   rF:        It protects you from fire.
   rN:        It protects you from negative energy.
 G - a ring of flight
 L - the ring "Famutooq" (right hand) {rCorr Str+6 Dex+7}
   (You found it on level 4 of the Shoals)

   [ring of strength]

   Str:       It affects your strength (+6).
   Dex:       It affects your dexterity (+7).
   rCorr:     It protects you from acid and corrosion.
 N - the ring of Biusae {Ice Int+2}
   (You took it off Josephina on level 1 of the Realm of Zot)

   [ring of ice]

   It enhances your ice magic.
   Int:       It affects your intelligence (+2).
   rF:        It makes you vulnerable to fire.
   rC:        It protects you from cold.
 U - a ring of willpower
Wands
 n - a wand of paralysis (39)
 u - a wand of flame (80)
 A - a wand of mindburst (31)
 C - a wand of quicksilver (22)
 K - a wand of polymorph (16)
 P - a wand of roots (44)
 S - a wand of digging (4)
Scrolls
 g - 2 scrolls of silence
 h - 15 scrolls of teleportation
 o - 7 scrolls of immolation
 v - 7 scrolls of enchant weapon
 z - 3 scrolls of magic mapping
 J - 2 scrolls of fog
 M - 5 scrolls of poison
 T - 3 scrolls of fear
Potions
 a - 4 potions of berserk rage
 d - 5 potions of might
 e - 5 potions of cancellation
 i - a potion of invisibility
 k - 4 potions of haste
 s - 6 potions of lignification
 t - 3 potions of flight
 w - 2 potions of heal wounds
 x - 19 potions of curing
 D - 6 potions of resistance
Miscellaneous
 y - a condenser vane
 B - a condenser vane
 I - a phial of floods


   Skills:
 + Level 24.4 Fighting
 - Level 16.5(21.9) Axes
 * Level 23.5(25.3) Maces & Flails
 + Level 24.3 Armour
 - Level 15.7 Dodging
 + Level 24.3 Shields
 - Level 10.0 Invocations
 - Level 10.0 Evocations


You had 23 spell levels left.
You didn't know any spells.
Your spell library contained the following spells:

 Spells                   Type           Power      Damage    Failure   Level
 Apportation              Tloc           0%         N/A       75%         1
 Beastly Appendage        Tmut           0%         N/A       75%         1
 Foxfire                  Conj/Fire      0%         2x1d4     75%         1
 Freeze                   Ice            0%         1d3       75%         1
 Magic Dart               Conj           0%         1d3       75%         1
 Necrotise                Necr           0%         1d4       75%         1
 Shock                    Conj/Air       0%         1d3       75%         1
 Static Discharge         Conj/Air       0%         3-3/arc   87%         2
 Wereblood                Tmut           0%         N/A       87%         2
 Conjure Flame            Conj/Fire      0%         6-21      98%         3
 Gell's Gravitas          Tloc           0%         N/A       98%         3
 Ignite Poison            Fire/Tmut/Pois 0%         N/A       98%         3
 Inner Flame              Hex/Fire       0%         N/A       98%         3
 Lesser Beckoning         Tloc           0%         N/A       98%         3
 Mephitic Cloud           Conj/Pois/Air  0%         N/A       98%         3
 Ozocubu's Armour         Ice            0%         N/A       98%         3
 Spider Form              Tmut/Pois      0%         N/A       98%         3
 Teleport Other           Tloc           0%         N/A       98%         3
 Vampiric Draining        Necr           0%         2d6       98%         3
 Cause Fear               Hex            0%         N/A       100%        4
 Dispel Undead            Necr           0%         3d6       100%        4
 Flame Wave               Conj/Fire      0%         2d4       100%        4
 Leda's Liquefaction      Hex/Erth       0%         N/A       100%        4
 Sticky Flame             Conj/Fire      0%         2d3       100%        4
 Agony                    Necr           0%         N/A       100%        5
 Alistair's Intoxication  Tmut/Pois      0%         N/A       100%        5
 Freezing Cloud           Conj/Ice/Air   0%         6-21      100%        5
 Lee's Rapid Deconstruct  Erth           0%         3d5*      100%        5
 Lightning Bolt           Conj/Air       0%         1d11      100%        5
 Metabolic Englaciation   Hex/Ice        0%         N/A       100%        5
 Conjure Ball Lightning   Conj/Air       0%         3x3d6     100%        6
 Eringya's Noxious Bog    Tmut/Pois      0%         N/A       100%        6
 Statue Form              Tmut/Erth      0%         N/A       100%        6
 Orb of Destruction       Conj           0%         9d5       100%        7
 Borgnjor's Revivificati  Necr           0%         N/A       100%        8
 Discord                  Hex            0%         N/A       100%        8
 Necromutation            Tmut/Necr      0%         N/A       100%        8
 Death's Door             Necr           0%         N/A       100%        9
 Polar Vortex             Ice            0%         N/A       100%        9
 Summon Small Mammal      Summ           Unusable   N/A       N/A         1
 Call Imp                 Summ           Unusable   N/A       N/A         2
 Summon Guardian Golem    Hex/Summ       Unusable   N/A       N/A         3
 Summon Forest            Summ/Tloc      Unusable   N/A       N/A         5
 Simulacrum               Ice/Necr       Unusable   N/A       N/A         6
 Spellforged Servitor     Conj/Summ      Unusable   N/A       N/A         7
 Summon Hydra             Summ           Unusable   N/A       N/A         7

Dungeon Overview and Level Annotations

Branches:
Dungeon (15/15)            Temple (1/1) D:5            Lair (6/6) D:8
 Shoals (4/4) Lair:3        Snake (4/4) Lair:3        Slime (0/5) Lair:5
    Orc (2/2) D:9             Elf (1/3) Orc:2        Vaults (5/5) D:13
  Crypt (0/3) Vaults:2     Depths (4/4) D:15            Zot (5/5) Depths:4
  IceCv (visited)         Gauntlet (visited)

Altars:
Ashenzari
Cheibriados
Dithmenos
Elyvilon
Fedhas
Gozag
Hepliaklqana
Kikubaaqudgha
Makhleb
Nemelex Xobeh
Okawaru
Qazlal
Ru
Sif Muna
Trog
Uskayaw
Vehumet
Wu Jian
Xom
Yredelemnul
Zin
The Shining One

Shops:
D:2 (   D:11 (   Orc:1 (   Orc:2 ::(   Shoals:1 *   Shoals:2 (   Shoals:3 ?
Shoals:4 :   Snake:2 [   Snake:4 *   Vaults:2 (   Vaults:3 [   Zot:4 *

Portals:
Pandemonium: Depths:1
Trove: D:14 (give +3 shadow dragon scales)

Annotations:
D:8 exclusion: statue


Innate Abilities, Weirdness & Mutations

You have a pair of horns on your head.
You reflexively headbutt those who attack you in melee.
Your body often deteriorates upon taking damage.
Your magical capacity is low. (-10% MP)
Your spells are a little easier to cast, but a little less powerful.
You occasionally lose the ability to drink potions when taking damage.


Message History

The shadow demon is almost dead.
You barely miss the shadow demon. You headbutt the shadow demon.
You kill the shadow demon!
Okawaru accepts your kill.
The goblin dissolves into shadows!
You block the demonspawn corrupter's attack.
You block the demonspawn corrupter's attack.
The demonspawn corrupter kicks you but does no damage.
You thump the demonspawn corrupter!
You headbutt the demonspawn corrupter, but do no damage.
The demonspawn corrupter is lightly wounded.
The demonspawn corrupter calls forth creatures from the Vaults!
You perforate the demonspawn corrupter like a sieve!!!
The demonspawn corrupter is almost dead.
You block the war gargoyle's attack.
You skewer the demonspawn corrupter like a kebab!!!
You kill the demonspawn corrupter!
Okawaru accepts your kill.
The war gargoyle disappears in a puff of smoke!
The vault sentinel disappears in a puff of smoke!
(D) Dungeon (T) Temple (L) Lair (A) Shoals (P) Snake Pit (M) Slime Pits (O) Orcish Mines (E) Elven Halls (V) Vaults (C) Crypt (U) Depths (Z) Zot
Where to? (Enter - D:1 @ (x,y), ? - help)
What level of the Dungeon? (default 1, ? - help)
Okay, then.
Unknown command.
(D) Dungeon (T) Temple (L) Lair (A) Shoals (P) Snake Pit (M) Slime Pits (O) Orcish Mines (E) Elven Halls (V) Vaults (C) Crypt (U) Depths (Z) Zot
Where to? (Enter - D:1 @ (x,y), ? - help)
What level of the Dungeon? (default 1, ? - help)
You are no longer corroded.
There is a stone staircase leading up here.
You climb upwards.
There is a stone staircase leading down here.
Things that are here:
4 stones; a +0 dagger
There is a staircase leading out of the dungeon here.
You have escaped!

##.#####
#...#####..#.#..#.....
#......#
#.>.#.#....#..........
#.##.#.#
#...#.###.####..#.....
#.##...#
#..##.###.####..######
#.##.#.#
####...##.......# #
#.##...# #...###...#.## #
#.###..# ##...###.....# #
#......#####.....#....###
# ####..........@....#.##
# #.......#.....#.#.#
#### #.......##...##...#
..... #.......##...#..###
.###. #........#...#..#
#. #.......###.##.## ...
#.......# #.##.# ###.
######### #.#..# #.
###### ..


There were no monsters in sight!

Vanquished Creatures
  A pandemonium lord (Zot:2)
  6 dread liches
  6 ancient liches
  4 orbs of fire
  Mara (Shoals:4)
  Josephina (Zot:1)
  Frederick (Vaults:2)
  2 Killer Klowns (Zot:5)
  Bai Suzhen (Snake:3)
  Vashnia (Snake:2)
  A curse toe (Zot:5)
  4 golden dragons
  3 electric golems
  A Brimstone Fiend (D:14)
  25 Orb Guardians
  5 tentacled monstrosities
  An Ice Fiend (D:15)
  A Hell Sentinel (D:14)
  3 liches
  A quicksilver dragon (shapeshifter) (Depths:4)
  A kraken (Shoals:4)
  Asterion (Vaults:2)
  4 quicksilver dragons
  3 titans
  An Executioner (D:13)
  4 death cobs
  3 sphinxes
  3 draconian monks
  9 shadow dragons
  A revenant (Abyss:3)
  7 storm dragons
  8 tengu reavers
  A demonspawn warmonger (D:13)
  8 nagarajas
  Ilsuiw (Shoals:2)
  An iron dragon (Vaults:5)
  17 vault wardens
  A draconian knight (Depths:4)
  2 frost giants (Vaults:5)
  4 fire giants
  3 deep elf sorcerers
  A draconian scorcher (Zot:1)
  A balrug (Gauntlet)
  4 ghost moths
  Louise (Snake:1)
  Aizul (Snake:3)
  A draconian stormcaller (Zot:4)
  A juggernaut zombie (D:15)
  3 draconian annihilators (Zot:1)
  A war gargoyle (Vaults:4)
  3 demonspawn corrupters
  2 draconian shifters (Zot:4)
  11 very ugly things
  A quicksilver ooze (shapeshifter) (Vaults:5)
  5 ironbound thunderhulks
  10 stone giants
  A starcursed mass (Abyss:3)
  6 black draconians
  23 ironbound preservers
  3 green draconians
  Nessos (D:15)
  An entropy weaver (Vaults:4)
  2 deep elf demonologists
  5 dire elephants
  A lorocyproca (Abyss:3)
  A minotaur (Gauntlet)
  8 purple draconians
  2 yellow draconians (Depths:4)
  5 red draconians
  5 white draconians
  2 deep elf annihilators
  Snorg (D:11)
  7 ettins
  10 merfolk javelineers
  14 merfolk impalers
  A deep elf death mage (Vaults:2)
  11 yaktaur captains
  2 deep elf high priests
  Fannar (D:12)
  3 great orbs of eyes
  35 vault guards
  5 salamander tyrants
  3 ice dragons
  6 hydras
  4 fire dragons
  11 ironbound frosthearts
  A rakshasa (Depths:1)
  Harold (D:11)
  4 catoblepae
  A spriggan air mage (Depths:4)
  A hydra (shapeshifter) (Vaults:5)
  A peacekeeper (Vaults:2)
  7 boulder beetles
  4 ogre magi
  18 anacondas
  3 centaur warriors
  An anaconda (shapeshifter) (Vaults:5)
  3 alligator snapping turtles
  2 dancing weapons (Elf:1)
  16 naga warriors
  14 two-headed ogres
  2 merfolk aquamancers (Shoals:4)
  3 merfolk avatars
  4 hell hogs (D:8)
  An alligator (Lair:2)
  A satyr (shapeshifter) (Vaults:5)
  5 satyrs
  A tengu warrior (D:14)
  A deep troll earth mage (Depths:2)
  2 deep troll shamans (Depths:2)
  3 death yaks (IceCv)
  A spriggan berserker (Depths:4)
  A sun demon (D:11)
  Sonja (Lair:6)
  15 naga sharpshooters
  2 orc high priests (Orc:2)
  13 shock serpents
  5 deep elf knights (Elf:1)
  2 hell knights (Vaults:5)
  A sixfirhy (D:5)
  Amaemon (Lair:3)
  10 salamander mystics
  An iron troll (Depths:2)
  13 skeletal warriors
  A wretched star (Abyss:3)
  A death drake (shapeshifter) (D:15)
  17 sea snakes
  A shadow demon (D:2)
  55 deep trolls
  An orb spider (shapeshifter) (Vaults:2)
  6 deep elf archers
  2 flayed ghosts
  19 ironbound convokers
  6 phantasmal warriors
  9 naga ritualists
  10 lindwurms
  11 deep elf pyromancers
  2 necromancers
  11 orc knights
  2 wizards
  6 deep elf zephyrmancers
  39 harpies
  A wolf spider (shapeshifter) (Vaults:5)
  18 fauns
  12 mana vipers
  24 ugly things
  A frost giant zombie (D:15)
  A worldbinder (Abyss:3)
  4 orc sorcerers
  13 cyclopes
  18 manticores
  11 moths of wrath
  A moth of wrath (shapeshifter) (Vaults:5)
  14 salamanders
  8 merfolk sirens
  An ice statue (IceCv)
  3 apocalypse crabs (Abyss:3)
  7 water nymphs
  19 naga magi
  7 guardian serpents
  22 vault sentinels
  A gargoyle (Gauntlet)
  A rust devil (D:13)
  13 elephants
  2 torpor snails (shapeshifter)
  Maurice (D:10)
  An orange demon (Lair:3)
  An unseen horror (D:11)
  2 smoke demons
  46 black mambas
  2 torpor snails (Lair:2)
  22 cane toads
  A storm dragon simulacrum (Zot:1)
  34 yaktaurs
  A demonic crawler (D:10)
  A freezing wraith (Vaults:5)
  2 efreet
  7 rime drakes
  5 komodo dragons
  A kobold demonologist (D:11)
  2 hellwings (D:8)
  A golden dragon simulacrum (Zot:1)
  An ancient zyme (Abyss:3)
  11 trolls
  10 wind drakes
  34 merfolk
  14 polar bears
  3 meliai (D:13)
  5 tyrant leeches (Lair:6)
  7 saltlings (Orc:2)
  2 raiju (Abyss:3)
  41 blink frogs
  2 hornets
  Grinder (D:5)
  Prince Ribbit (D:5)
  16 slime creatures
  7 snapping turtles
  15 dream sheep
  A shadow (D:10)
  2 air elementals (Elf:1)
  5 water elementals
  A vampire (D:12)
  84 yaks
  2 wraiths (D:12)
  8 wyverns
  2 spriggan skeletons (D:15)
  6 basilisks
  2 small abominations
  2 redbacks (Vaults:4)
  8 vampire mosquitoes
  20 humans (D:13)
  2 chaos spawn
  6 steam dragons
  Edmund (D:6)
  50 nagas
  5 wargs
  2 hell hounds (Gauntlet)
  2 moth of wrath simulacra (Zot:1)
  21 water moccasins
  27 orc warriors
  5 black bears
  2 ice beasts
  6 ogres
  8 boggarts
  36 wolves
  18 centaurs
  A kobold brigand (D:7)
  2 phantoms (D:7)
  Blork the orc (D:4)
  23 bullfrogs
  4 necrophages (Lair:4)
  A gnoll sergeant (D:11)
  2 scorpions
  5 wights
  7 killer bees (D:10)
  6 howler monkeys
  6 electric eels
  4 crimson imps (Gauntlet)
  4 hounds
  2 jellies
  27 orc priests
  5 iguanas
  An iron imp (Abyss:3)
  23 orc wizards
  12 gnolls
  11 adders
  2 river rats (D:5)
  A shadow imp (D:6)
  A white imp (D:7)
  An ufetubus (D:4)
  5 worms
  3 dart slugs
  88 orcs
  4 bats
  11 endoplasms
  4 giant cockroaches
  7 goblins
  12 hobgoblins
  2 jackals (D:1)
  4 quokkas
  7 ball pythons
  6 frilled lizards
  10 kobolds
  12 rats
  18 pillars of salt (Orc:2)
  4 tentacles (Shoals:4)
1928 creatures vanquished.

Vanquished Creatures (others)
  A naga warrior (Snake:4)
  2 deep elf knights (Elf:1)
  A naga mage (Snake:4)
  A boggart (D:15)
  18 demonic plants (Gauntlet)
  25 fungi
  3 pillars of salt (Orc:2)
  190 plants
  2 starspawn tentacles (Zot:5)
  9 tentacles
252 creatures vanquished.

Grand Total: 2180 creatures vanquished

Notes
Turn   | Place    | Note
-------+----------+-------------------------------------------
     0 | D:1      | Nato the Minotaur Fighter began the quest for the Orb.
     0 | D:1      | Reached XP level 1. HP: 19/19 MP: 0/0
   367 | D:1      | Reached XP level 2. HP: 21/27 MP: 1/1
   659 | D:1      | Reached XP level 3. HP: 33/33 MP: 2/2
  1330 | D:2      | Reached XP level 4. HP: 36/41 MP: 3/3
  1340 | D:2      | Found Zubrigin's Antique Weapon Boutique.
  2223 | D:3      | Reached XP level 5. HP: 47/47 MP: 4/4
  2508 | D:3      | Reached skill level 5 in Armour
  2508 | D:3      | Reached skill level 5 in Shields
  2838 | D:4      | Reached skill level 5 in Fighting
  2878 | D:4      | Reached XP level 6. HP: 52/56 MP: 5/5
  3322 | D:4      | Noticed Blork the orc
  3329 | D:4      | Killed Blork the orc
  3737 | D:5      | Entered Level 5 of the Dungeon
  3737 | D:5      | Noticed a water moccasin
  3748 | D:5      | Killed a water moccasin
  3749 | D:5      | Reached skill level 5 in Axes
  3749 | D:5      | Reached XP level 7. HP: 34/62 MP: 6/6
  3869 | D:5      | Noticed Grinder
  3882 | D:5      | Found a staircase to the Ecumenical Temple.
  3941 | Temple   | Entered the Ecumenical Temple
  4147 | Temple   | Became a worshipper of Warmaster Okawaru
  4279 | D:5      | Paralysed by Grinder for 2 turns
  4284 | D:5      | Killed Grinder
  4285 | D:5      | Reached XP level 8. HP: 23/71 MP: 7/7
  4511 | D:5      | Reached * piety under Okawaru
  4988 | D:6      | Noticed Prince Ribbit
  4988 | D:6      | Noticed Edmund
  5073 | D:5      | Killed Prince Ribbit
  5122 | D:6      | Killed Edmund
  5190 | D:6      | Reached XP level 9. HP: 60/81 MP: 8/8
  5190 | D:6      | Reached ** piety under Okawaru
  5948 | D:7      | Reached skill level 1 in Dodging
  6510 | D:8      | Noticed a two-headed ogre
  6516 | D:8      | Killed a two-headed ogre
  6516 | D:8      | Reached *** piety under Okawaru
  6635 | D:8      | Reached XP level 10. HP: 71/91 MP: 9/9
  6796 | D:8      | Found a staircase to the Lair.
  6866 | D:8      | Reached **** piety under Okawaru
  7057 | D:8      | Found a radiant altar of Vehumet.
  7699 | D:9      | Reached skill level 10 in Shields
  7747 | D:9      | Reached skill level 10 in Armour
  7764 | D:9      | Reached skill level 10 in Fighting
  7766 | D:9      | Found a staircase to the Orcish Mines.
  7809 | D:9      | Reached skill level 5 in Dodging
  8014 | D:8      | Received a gift from Okawaru
  8653 | D:9      | Reached ***** piety under Okawaru
  8704 | D:9      | Reached skill level 10 in Axes
  8704 | D:9      | Reached XP level 11. HP: 88/101 MP: 7/10
  9008 | D:10     | Entered Level 10 of the Dungeon
  9236 | D:10     | Noticed Maurice
  9246 | D:10     | Killed Maurice
  9761 | D:10     | Found a sacrificial altar of Ru.
  9761 | D:10     | Found a sparkling altar of Nemelex Xobeh.
  9761 | D:10     | Found an ancient bone altar of Kikubaaqudgha.
 10411 | D:11     | Noticed a boulder beetle
 10431 | D:11     | Killed a boulder beetle
 10712 | D:11     | Found Atuk's Weapon Emporium.
 10793 | D:11     | Noticed a two-headed ogre
 10802 | D:11     | Killed a two-headed ogre
 10835 | D:11     | Noticed a two-headed ogre
 10859 | D:11     | Killed a two-headed ogre
 10975 | D:11     | Identified the +6 arbalest of Askoon {elec, rElec Will-
                  | Stlth+} (Okawaru gifted it to you on level 11 of the
                  | Dungeon)
 10975 | D:11     | Received a gift from Okawaru
 11032 | D:11     | Noticed Harold
 11047 | D:11     | Killed Harold
 11076 | D:11     | Noticed a boulder beetle
 11087 | D:11     | Killed a boulder beetle
 11255 | D:11     | Noticed Snorg
 11286 | D:11     | Killed Snorg
 11464 | D:11     | Noticed a five-headed hydra
 11857 | Lair:1   | Entered Level 1 of the Lair of Beasts
 11881 | Lair:1   | Reached XP level 12. HP: 99/111 MP: 11/11
 12032 | Lair:1   | Reached skill level 1 in Evocations
 12321 | Lair:1   | Reached ****** piety under Okawaru
 12706 | Lair:2   | Noticed a seven-headed hydra
 13078 | Lair:2   | Identified the ring "Seepuh" {rF+ Str+6 Int+3 Dex+4}
 13100 | Lair:2   | Identified the +1 hat of Feasting {rN+ rCorr} (Okawaru
                  | gifted it to you on level 2 of the Lair of Beasts)
 13100 | Lair:2   | Received a gift from Okawaru
 13715 | Lair:3   | Noticed a seven-headed hydra
 13739 | Lair:3   | Noticed a boulder beetle
 13750 | Lair:3   | Killed a boulder beetle
 13821 | Lair:3   | Found a staircase to the Snake Pit.
 13842 | Snake:1  | Entered Level 1 of the Snake Pit
 13935 | Lair:3   | Found a staircase to the Shoals.
 14090 | Lair:2   | Upgraded the game from 0.29-a0-834-g1e95ca9f62 to
                  | 0.29-a0-838-g385bb11a5b
 14332 | Lair:2   | Killed a seven-headed hydra
 14333 | Lair:2   | Reached XP level 13. HP: 72/119 MP: 9/12
 14402 | Lair:2   | Identified the +8 glaive of Inwamin {freeze, rF+}
 14723 | Lair:2   | Reached skill level 1 in Invocations
 14738 | Lair:2   | Identified the +0 pair of gloves of Integrity {Harm rN+}
                  | (Okawaru gifted it to you on level 2 of the Lair of Beasts)
 14738 | Lair:2   | Received a gift from Okawaru
 15724 | Lair:3   | Noticed Amaemon
 15751 | Lair:3   | Killed Amaemon
 15792 | Lair:3   | Reached skill level 5 in Evocations
 17007 | Lair:4   | Received a gift from Okawaru
 17475 | Lair:5   | Found a staircase to the Slime Pits.
 17734 | Lair:5   | Reached XP level 14. HP: 130/130 MP: 16/16
 17756 | Lair:5   | Received a gift from Okawaru
 17801 | Lair:5   | Found the +8 whip "Snakebite" {venom, curare, rPois}
 18476 | Lair:6   | Entered Level 6 of the Lair of Beasts
 18517 | Lair:6   | Noticed Sonja
 18612 | Lair:6   | Killed Sonja
 18617 | Lair:6   | Reached skill level 5 in Invocations
 18655 | Lair:6   | Received a gift from Okawaru
 20034 | Orc:1    | Entered Level 1 of the Orcish Mines
 20096 | Orc:1    | Found Xiurinesk's Weapon Shop.
 20194 | Orc:1    | Paralysed by an orc sorcerer for 4 turns
 20503 | Orc:2    | Entered Level 2 of the Orcish Mines
 20571 | Orc:2    | Found a gate leading to a gauntlet.
 20585 | Gauntlet | Entered a Gauntlet
 20585 | Gauntlet | Found a transporter.
 20585 | Gauntlet | Found a transporter.
 20586 | Gauntlet | Found a transporter.
 20588 | Gauntlet | Found a transporter.
 20590 | Gauntlet | Found a transporter.
 20596 | Gauntlet | Found a transporter.
 20598 | Gauntlet | Found a transporter.
 20599 | Gauntlet | Found a transporter.
 20601 | Gauntlet | Found a transporter.
 20601 | Gauntlet | Noticed a balrug
 20610 | Gauntlet | Found a transporter.
 20613 | Gauntlet | Found a transporter.
 20618 | Gauntlet | Found a runed translucent door.
 20643 | Gauntlet | Found a transporter.
 20854 | Gauntlet | Identified the ring "Puedgh" {rF+ rN+ Str+4 Dex+6}
 20877 | Gauntlet | Killed a balrug
 20940 | Gauntlet | Identified the +6 dire flail "Kenemap" {vorpal, *Rage rElec
                  | rC+ Int+7}
 21388 | Orc:2    | Reached XP level 15. HP: 139/139 MP: 18/18
 21579 | Orc:2    | Found a staircase to the Elven Halls.
 21682 | Orc:2    | Reached skill level 15 in Fighting
 21692 | Orc:2    | Reached skill level 15 in Armour
 21774 | Orc:2    | Found Qekhurui's Antique Weapon Boutique.
 21785 | Orc:2    | Received a gift from Okawaru
 21850 | Orc:2    | Reached skill level 15 in Shields
 21912 | Orc:2    | Found Xuwourph's Book Emporium.
 21968 | Orc:2    | Found Xial Baesy's General Store.
 21970 | Orc:2    | Found Civvuexu's Book Shop.
 22083 | Orc:2    | Bought a manual of Dodging for 880 gold pieces
 22845 | D:12     | Received a gift from Okawaru
 22845 | D:12     | Found the +15 Maxwell's patent armour {-Cast -Tele rElec
                  | Will+ rCorr}
 22846 | D:12     | Reached skill level 15 in Axes
 22905 | D:12     | Found a frozen archway.
 22909 | D:12     | Noticed Fannar
 22932 | D:12     | Killed Fannar
 22940 | IceCv    | Entered an ice cave
 23234 | IceCv    | Identified the +2 chain mail of the Alphagorgon {Rampage
                  | rF- rCorr Dex+4}
 23908 | D:12     | Found a bloodstained altar of Trog.
 24947 | D:13     | Identified the +3 crystal plate armour of Neabagh {Will+
                  | Str-3 Int+6} (Okawaru gifted it to you on level 13 of the
                  | Dungeon)
 24947 | D:13     | Received a gift from Okawaru
 24969 | D:13     | Found a gate to the Vaults.
 24982 | D:13     | Reached XP level 16. HP: 151/151 MP: 18/20
 25827 | D:14     | Found a portal to a secret trove of treasure.
 26189 | D:15     | Entered Level 15 of the Dungeon
 26222 | D:15     | Reached skill level 10 in Dodging
 26297 | D:15     | Noticed Nessos
 26330 | D:15     | Killed Nessos
 26593 | D:15     | Found a staircase to the Depths.
 27038 | D:15     | Found a sparkling altar of Nemelex Xobeh.
 27259 | D:15     | Identified the +9 eveningstar of Okawaru's Displeasure
                  | {drain, Str+3} (Okawaru gifted it to you on level 15 of the
                  | Dungeon)
 27259 | D:15     | Received a gift from Okawaru
 27502 | D:15     | Upgraded the game from 0.29-a0-838-g385bb11a5b to
                  | 0.29-a0-841-g116ddc6ace
 27747 | Shoals:1 | Entered Level 1 of the Shoals
 27832 | Shoals:1 | Upgraded the game from 0.29-a0-841-g116ddc6ace to
                  | 0.29-a0-857-g9b1aa3ac5b
 27899 | Shoals:1 | Found Uzit's Overcharged Wands.
 28190 | Shoals:1 | Identified the +7 spear of Indomitability {flame, rN+
                  | rCorr}
 28318 | Shoals:1 | Received a gift from Okawaru
 28575 | Shoals:2 | Noticed Ilsuiw
 28583 | Shoals:2 | Reached XP level 17. HP: 143/160 MP: 19/22
 28612 | Shoals:2 | Killed Ilsuiw
 29284 | Shoals:2 | Found Ibluezucs's Weapon Emporium.
 29308 | Shoals:2 | Reached skill level 1 in Maces & Flails
 30004 | Shoals:3 | Received a gift from Okawaru
 30125 | Shoals:3 | Reached skill level 10 in Evocations
 30521 | Shoals:3 | Found Ygaseh's Magic Scroll Emporium.
 30535 | Shoals:3 | Bought a scroll of magic mapping for 97 gold pieces
 30535 | Shoals:3 | Bought a scroll of enchant armour for 97 gold pieces
 30600 | Shoals:3 | Reached skill level 10 in Invocations
 30647 | Shoals:3 | Identified the +0 ring mail of the Cicada {Harm} (Okawaru
                  | gifted it to you on level 3 of the Shoals)
 30647 | Shoals:3 | Received a gift from Okawaru
 31021 | Shoals:3 | Noticed a kraken
 31030 | Shoals:4 | Entered Level 4 of the Shoals
 31247 | Shoals:4 | Noticed Mara
 31251 | Shoals:4 | Noticed Nato's illusion
 31270 | Shoals:4 | Killed Mara
 31312 | Shoals:4 | Found Keofruph's Vocational Training.
 31507 | Shoals:4 | Reached skill level 5 in Maces & Flails
 31566 | Shoals:4 | Identified the +6 trident of Eternal Vigilance {pain, Fly
                  | rElec Dex+2}
 31984 | Shoals:4 | Reached XP level 18. HP: 132/171 MP: 20/24
 32045 | Shoals:4 | Got a barnacled rune of Zot
 32645 | Shoals:4 | Identified the -2 pair of boots of Antique Wonder {Int+6}
                  | (Okawaru gifted it to you on level 4 of the Shoals)
 32645 | Shoals:4 | Received a gift from Okawaru
 32866 | Shoals:4 | Identified the ring "Famutooq" {rCorr Str+6 Dex+7}
 33612 | Snake:1  | Noticed Louise
 33622 | Abyss:3  | Cast into level 3 of the Abyss (Louise)
 33785 | Abyss:3  | Noticed a lich
 33796 | Abyss:3  | Killed a lich
 33884 | Abyss:3  | Found a blossoming altar of Fedhas.
 33955 | Snake:1  | Escaped the Abyss
 33975 | Snake:1  | Killed Louise
 34901 | Snake:1  | Received a gift from Okawaru
 36628 | Snake:2  | Found Tam Latzui's Antique Armour Shoppe.
 36638 | Snake:2  | Bought a pair of runed gloves for 195 gold pieces
 36638 | Snake:2  | Bought a pair of embroidered gloves for 195 gold pieces
 37194 | Snake:3  | Noticed Vashnia
 37213 | Snake:2  | Killed Vashnia
 37467 | Snake:3  | Reached XP level 19. HP: 159/181 MP: 18/25
 37666 | Snake:3  | Noticed Aizul
 37698 | Snake:3  | Killed Aizul
 37969 | Snake:3  | Found the +2 cloak of the Thief {*Fog Slay-2 SInv Stlth+}
 38414 | Snake:3  | Noticed Bai Suzhen
 38451 | Snake:3  | Killed Bai Suzhen
 38451 | Snake:3  | Received a gift from Okawaru
 38546 | Snake:3  | Reached skill level 10 in Maces & Flails
 38684 | Snake:3  | Found the +3 salamander hide armour {Flames rF++ rC--}
 39699 | Snake:4  | Entered Level 4 of the Snake Pit
 40254 | Snake:4  | Received a gift from Okawaru
 41063 | Snake:4  | Got a serpentine rune of Zot
 41961 | Snake:4  | Received a gift from Okawaru
 42203 | Snake:4  | Found Lotwoddo's Mass Market.
 42690 | Elf:1    | Entered Level 1 of the Elven Halls
 42924 | Elf:1    | Found a flickering gateway to a bazaar.
 43259 | Elf:1    | Paralysed by an air elemental for 1 turns
 43263 | Elf:1    | Paralysed by an air elemental for 1 turns
 43536 | Bazaar   | Entered a bazaar
 43536 | Bazaar   | Found Dititexa's General Store.
 43536 | Bazaar   | Found Kiod's Weapon Emporium.
 43538 | Bazaar   | Found Fucikk's Distillery.
 43554 | Bazaar   | Found Pupyon's Weapon Emporium.
 43576 | Bazaar   | Bought a potion of heal wounds for 80 gold pieces
 43576 | Bazaar   | Bought a potion of haste for 160 gold pieces
 43576 | Bazaar   | Bought a potion of berserk rage for 80 gold pieces
 43854 | Vaults:1 | Entered Level 1 of the Vaults
 43873 | Vaults:1 | Reached XP level 20. HP: 180/193 MP: 26/26
 44900 | Vaults:1 | Identified the +0 pair of gloves of Jedabani {Str+4 Int+4}
                  | (Okawaru gifted it to you on level 1 of the Vaults)
 44900 | Vaults:1 | Received a gift from Okawaru
 46099 | Vaults:2 | Noticed Asterion
 46111 | Vaults:2 | Killed Asterion
 46421 | Vaults:2 | Noticed Frederick
 46437 | Vaults:2 | Killed Frederick
 46494 | Vaults:2 | Identified the amulet "Qufaqick" {Reflect Int+2 Dex+3 SH+5}
 46511 | Vaults:2 | Found a transporter.
 46531 | Vaults:2 | Found a transporter.
 46585 | Vaults:2 | Identified the +1 pair of gloves "Bolulups" {Int+5}
                  | (Okawaru gifted it to you on level 2 of the Vaults)
 46585 | Vaults:2 | Received a gift from Okawaru
 46755 | Vaults:2 | Identified the amulet of Soruckad {Spirit rF+ rN+ Dex+4}
 47062 | Vaults:2 | Found Hemupp's Antique Weapon Shop.
 47119 | Vaults:2 | Reached XP level 21. HP: 168/205 MP: 27/27
 47611 | Vaults:2 | Found a staircase to the Crypt.
 47837 | Vaults:3 | Found Zasoguin's Antique Armour Shoppe.
 47851 | Vaults:3 | Reached skill level 15 in Dodging
 49356 | Vaults:3 | Found the +3 crown of Dyrovepreva {rElec Int+2 SInv}
 50071 | Vaults:4 | Identified the +13 crystal plate armour of Okawaru's
                  | Approval {rPois Int+2} (Okawaru gifted it to you on level 4
                  | of the Vaults)
 50071 | Vaults:4 | Received a gift from Okawaru
 50719 | Vaults:5 | Entered Level 5 of the Vaults
 50773 | Vaults:4 | Reached skill level 15 in Maces & Flails
 52030 | Vaults:5 | Noticed a golden dragon
 53008 | Vaults:4 | Killed a golden dragon
 53180 | Vaults:5 | Reached XP level 22. HP: 215/215 MP: 28/28
 53211 | Vaults:5 | Received a gift from Okawaru
 53347 | Vaults:5 | Identified the +3 ring mail of Minor Irritation {-Cast
                  | rPois rN++ Regen+}
 53365 | Vaults:5 | Identified the ring "Loixix" {rF- Int+3 Dex+5 SInv}
 53368 | Vaults:5 | Identified the +1 robe "Cosebeog" {rPois}
 53549 | Vaults:5 | Identified the +6 mace of Disorder {venom, Str-5 Dex+6}
 53581 | Vaults:5 | Got the Codex of the Lungs
 53771 | Vaults:5 | Noticed a dread lich
 53777 | Vaults:5 | Paralysed by a dread lich for 4 turns
 53785 | Vaults:5 | Killed a dread lich
 53930 | Vaults:5 | Received a gift from Okawaru
 53940 | Vaults:5 | Got a silver rune of Zot
 53946 | Vaults:5 | Identified the +8 mace "Gram" {holy, Will+ Str+3 Int+3
                  | Stlth+}
 54013 | Vaults:5 | Identified the +1 leather armour "Qupoulee" {Harm rPois rC-
                  | Regen+}
 54021 | Vaults:5 | Got the Essays on Frostbitten Transmutation
 54022 | Vaults:5 | Identified the +0 chain mail "Waihiax" {Str+3}
 54339 | Vaults:5 | Noticed a dread lich
 54349 | Vaults:5 | Killed a dread lich
 55164 | Depths:1 | Entered Level 1 of the Depths
 55164 | Depths:1 | Noticed a golden dragon
 55164 | Depths:1 | Found a one-way gate leading to the halls of Pandemonium.
 55174 | Depths:1 | Killed a golden dragon
 55248 | Depths:2 | Identified the +0 pair of boots of Youthful Indiscretion
                  | {Str+3} (Okawaru gifted it to you on level 2 of the Depths)
 55248 | Depths:2 | Received a gift from Okawaru
 55667 | Depths:4 | Entered Level 4 of the Depths
 56056 | Depths:4 | Found a gate to the Realm of Zot.
 56250 | Zot:1    | Entered Level 1 of the Realm of Zot
 56281 | Zot:1    | Identified the ring of Biusae {Ice Int+2}
 56281 | Zot:1    | Noticed Josephina
 56295 | Zot:1    | Killed Josephina
 57872 | Zot:4    | Reached XP level 23. HP: 226/226 MP: 29/29
 57872 | Zot:4    | Noticed an orb of fire
 57882 | Zot:4    | Killed an orb of fire
 57885 | Zot:4    | Received a gift from Okawaru
 59696 | Zot:4    | Found Pyjocu Qero's CLEARANCE SALE!.
 59772 | Zot:5    | Entered Level 5 of the Realm of Zot
 61263 | Zot:5    | Noticed a dread lich
 61272 | Zot:5    | Killed a dread lich
 61272 | Zot:5    | Received a gift from Okawaru
 61288 | Zot:5    | Noticed a Killer Klown
 61289 | Zot:5    | Noticed an ancient lich
 61293 | Zot:5    | Noticed an ancient lich
 61293 | Zot:5    | Noticed a Killer Klown
 61294 | Zot:5    | Noticed an orb of fire
 61295 | Zot:5    | Noticed a dread lich
 61303 | Zot:5    | Noticed an orb of fire
 61312 | Zot:5    | Gained mutation: Your body sometimes deteriorates upon
                  | taking damage. [an orb of fire]
 61318 | Zot:5    | Noticed an ancient lich
 61318 | Zot:5    | Noticed an ancient lich
 61323 | Zot:5    | Gained mutation: Your magical capacity is low. (-10% MP)
                  | [an orb of fire]
 61327 | Zot:5    | Gained mutation: You occasionally lose the ability to drink
                  | potions when taking damage. [an orb of fire]
 61328 | Zot:5    | Gained mutation: Your body often deteriorates upon taking
                  | damage. [an orb of fire]
 61329 | Zot:5    | Killed an orb of fire
 61331 | Zot:5    | Noticed a dread lich
 61343 | Zot:5    | Killed an ancient lich
 61346 | Zot:5    | Killed an ancient lich
 61351 | Zot:5    | Noticed an orb of fire
 61351 | Zot:5    | Noticed an ancient lich
 61364 | Zot:5    | Killed an orb of fire
 61899 | Zot:5    | Killed a dread lich
 61913 | Zot:4    | Killed a dread lich
 61929 | Zot:4    | Gained mutation: Your spells are a little easier to cast,
                  | but a little less powerful. [an orb of fire]
 61931 | Zot:4    | Killed an orb of fire
 61934 | Zot:4    | Killed an ancient lich
 61950 | Zot:5    | Killed an ancient lich
 61950 | Zot:5    | Identified the +5 kite shield "Oschafuph" {rPois} (Okawaru
                  | gifted it to you on level 5 of the Realm of Zot)
 61950 | Zot:5    | Received a gift from Okawaru
 61966 | Zot:5    | Killed an ancient lich
 61999 | Zot:5    | Killed a Killer Klown
 62013 | Zot:5    | Killed a Killer Klown
 62069 | Zot:5    | Reached XP level 24. HP: 222/238 MP: 26/26
 62099 | Zot:5    | Noticed a dread lich
 62099 | Zot:5    | Noticed an ancient lich
 62104 | Zot:5    | Killed an ancient lich
 62111 | Zot:5    | Killed a dread lich
 62516 | Zot:5    | Got the Orb of Zot
 62541 | Zot:5    | Noticed Bubboute the pandemonium lord
 62570 | Zot:5    | Noticed a Killer Klown
 62613 | Zot:2    | Noticed Giczip the pandemonium lord
 62626 | Zot:2    | Killed Giczip the pandemonium lord
 62911 | D:14     | Noticed a seraph
 62911 | D:14     | Identified the +1 buckler of Karphigiph {Harm Int+4}
 63308 | D:$      | Escaped with the Orb!

Illustrated notes

Levels and vault maps discovered:
D:1:      dpeg_arrival_rhombus, layout_loops_cross, supply_closet_lemuel
D:2:      layout_basic, serial_shops, shop
D:3:      layout_basic, corexii_hall_statues_s, cheibrodos_gnoll_hut
D:4:      layout_basic, nicolae_elevator_lobby_asterisk, uniq_blork_the_orc
D:5:      layout_rooms, temple_doors_e, gup_sewer_entry_bubbles, uniq_grinder
D:6:      layout_loops_ring, lightli_minifort, uniq_prince_ribbit1, uniq_edmund
D:7:      layout_basic
D:8:      layout_cave_pods, vehumet_statue, minmay_lair_entry_grove,
          feat_on_display
D:9:      layout_loops_ring, hiddenorc2_lemuel
D:10:     layout_cave_pods, minitemple, uniq_maurice
D:11:     layout_irregular_city, serial_shops, nicolae_shop_crystal,
          uniq_harold, uniq_snorg
D:12:     layout_gridville, portal_ice_cave_entry_pillars_2, tgw_trog,
          uniq_fannar
D:13:     layout_irregular_city, grunt_vaults_entry_tiered
D:14:     layout_irregular_city, nicolae_figureground_pulse,
          nicolae_trove_entry_free_sample
D:15:     gammafunk_depths_entry_grave, layout_basic,
          nemelex_xobeh_ov_fountains_minmay, due_unseen_surprise, uniq_nessos
Temple:   dpeg_five_rooms_temple
Lair:1:   layout_roguey
Lair:2:   layout_long_grid, nicolae_lair_lakeside_cave
Lair:3:   layout_cave_shapes, minmay_shoals_entry_lonely_mermaid,
          dummy_snake_entry, serial_bayou_lagoon_b, uniq_amaemon
Lair:4:   dreamdust_cave_troll, layout_cellular_growth, roderic_carrion_pond
Lair:5:   minmay_guarded_unrand_snakebite, layout_cellular_growth,
          slime_entry_1, serial_bayou_shore_b, lemuel_fruit_tree
Lair:6:   minmay_lair_end_frog_pond, layout_cave_pods, uniq_sonja
Shoals:1: argonaut_golden_fleece, layout_shoals,
          nicolae_shoals_stone_sculpture_thing, nicolae_shop_overcharged_wands
Shoals:2: layout_shoals, serial_shops, shop, uniq_ilsuiw
Shoals:3: layout_shoals, serial_shops, nicolae_shop_stone,
          nicolae_lakefront_shop, nicolae_shoals_mertower
Shoals:4: shoals_end_simple, layout_shoals, nicolae_shop_vocational, uniq_mara
Snake:1:  layout_misc_corridors, nicolae_snake_scaly_snakehead,
          serial_bayou_shore_b, grunt_megastairs_3, uniq_louise
Snake:2:  layout_honeycomb, serial_shops, shop_fountains
Snake:3:  layout_concentric_octagons, hellmonk_guarded_unrand_salamander,
          nicolae_triple_integral, uniq_bai_suzhen, uniq_vashnia, uniq_aizul
Snake:4:  minmay_snake_end_coiled, layout_chambers, minmay_shop_mass,
          nicolae_snake_magic_snake_eye
Orc:1:    layout_caves, serial_shops, nicolae_shop_behind_doors,
          nicolae_orc_lava_room
Orc:2:    hellmonk_orc_salted, layout_caves, gauntlet_entry_generic,
          nicolae_orc_rockfall, mines2_david
Elf:1:    eino_elf_arrival_shootout, layout_gridlike, serial_shops,
          bzr_entry_islet, minmay_elf_necromancy, corexii_hall_statues_l
Vaults:1: hangedman_vaults_trim, v_misc_28, vaults_dpeg_hooks,
          nicolae_vaults_meeting, vaults_dpeg_ring, vaults_room_door_hall,
          vaults_mumra_hexcomb, nicolae_vaults_little_squares_3,
          nicolae_vaults_three_branches, vaults_room_pool,
          vaults_room_stairs_pillars, layout_vaults_big_room
Vaults:2: nicolae_vaults_little_ls, gammafunk_the_bubble
          [the_bubble_gammafunk_split], ontoclasm_vaults_tryst,
          nicolae_vaults_stairing_the_circle, ontoclasm_vaults_misaligned,
          nicolae_vaults_rhombus_5, nicolae_vaults_diagonal_hallway_8,
          nicolae_vaults_network_s, dpeg_vaults_monster_row,
          dpeg_vaults_monster_box, layout_vaults_omnicross, serial_shops,
          nicolae_shop_statue_plus, uniq_frederick, uniq_asterion
Vaults:3: hangedman_vaults_corner_blocks, ontoclasm_vaults_fault,
          vaults_dpeg_encased_lava, nicolae_vaults_circle_grid_b, v_misc_18,
          v_misc_26, v_misc_27, nicolae_vaults_theta, layout_vaults_omnigrid,
          serial_shops, nicolae_shop_waterfront
Vaults:4: nicolae_vaults_angled_halls, vaults_room_pools, vaults_dpeg_spiral,
          vaults_room_door_ring, ontoclasm_vaults_ligature,
          vaults_room_ringed_pool, nicolae_vaults_little_squares_2,
          grunt_vaults_trifunnel, v_misc_16, ontoclasm_vaults_ring_square,
          nicolae_vaults_rhombus_5, nicolae_vaults_little_squares_3,
          nicolae_vaults_inception_scallops, layout_vaults_omnibox
Vaults:5: serial_shops
Depths:1: layout_gridville, serial_shops, shop_statue,
          marbit_kobold_abyss_entry, hell_entry, fedhas_altar_fruit_tree,
          pan_entry, serial_nicolae_subway, nicolae_sub_station_metal,
          nicolae_sub_station_stone, nicolae_sub_station_crystal
Depths:2: nicolae_cairo_tiling_large, layout_cave_shapes, grunt_metal_band,
          kennysheep_minor_cross, rand_demon_pan_entry_7, drop_trap,
          serial_bayou_crossing
Depths:3: nzn_winding_woodlands_three_and_one
          [nzn_winding_woodlands_5x15_pockets,
          nzn_winding_woodlands_5x15_garden, nzn_winding_woodlands_5x15_cabin,
          nzn_winding_woodlands_center_lodge], layout_long_grid,
          enter_ziggurat_b, pf_hell_entry_tar_river,
          nicolae_qazlal_scattered_showers, pan_entry, abyss_entry, uniq_jory
Depths:4: grunt_zot_entry_tricorne, layout_gridlike, grunt_decor_resistance,
          pf_coc_iceberg, grunt_megastairs_4, serial_bayou_shore_b,
          minmay_shop_star, serial_bayou_shore_a, uniq_enchantress
Zot:1:    grunt_twist_and_shout, layout_onion, st_large_dragon_hoard_1,
          uniq_josephina
Zot:2:    layout_misc_corridors
Zot:3:    layout_cathedral_of_symmetry, gammafunk_ghost_grave
Zot:4:    hangedman_zot_vaults_quadrants, layout_onion, nicolae_shop_clearance
Zot:5:    layout_cellular_growth, lemuel_golem_globe

Skill      XL: |  1  2  3  4  5  6  7  8  9 10 11 12 13 14 15 16 17 18 19 20 21 22 23 24 |
---------------+-------------------------------------------------------------------------+-----
Shields        | 4 5 6 7 9 10 11 12 13 14 15 16 17 18 20 21 22 23 24 | 24.3
Armour         | 4 5 6 7 9 10 11 12 13 14 15 16 17 18 20 21 22 23 24 | 24.3
Fighting       | 4 5 6 7 9 10 11 12 13 14 15 16 17 18 20 21 22 23 24 | 24.4
Axes           | 3 4 5 6 7 8 10 11 12 13 14 15 16 | 16.5
Dodging        | 3 5 7 9 11 12 14 15 | 15.7
Evocations     | 4 5 7 8 9 10 | 10.0
Invocations    | 4 6 7 9 10 | 10.0
Maces & Flails | 5 9 12 16 20 22 23 | 23.5

Action                   |  1- 3 |  4- 6 |  7- 9 | 10-12 | 13-15 | 16-18 | 19-21 | 22-24 || total
-------------------------+-------+-------+-------+-------+-------+-------+-------+-------++-------
Melee: War axe           |    82 |   143 |   265 |   681 |  1223 |   350 |       |       ||  2744
       Headbutt          |    11 |    21 |    45 |   138 |   338 |   473 |   550 |   339 ||  1915
       Unarmed           |       |       |    13 |       |       |       |       |       ||    13
       Flail             |       |       |       |     7 |    66 |       |       |       ||    73
       Eveningstar       |       |       |       |       |       |   806 |   984 |   967 ||  2757
       Whip              |       |       |       |       |       |   545 |   739 |       ||  1284
Throw: Dart              |       |       |       |       |       |       |     2 |       ||     2
Invok: Heroism           |       |       |     3 |    21 |    23 |    24 |    25 |    20 ||   116
       Finesse           |       |       |       |       |     3 |    11 |    12 |     9 ||    35
Evoke: Wand              |       |       |       |     3 |       |       |       |       ||     3
  Use: Scroll            |       |       |     8 |    18 |     9 |     2 |     6 |    22 ||    65
       Potion            |       |       |       |     5 |     4 |     2 |     2 |     7 ||    20
 Stab: Distracted        |       |       |       |       |       |       |       |     1 ||     1
       Invisible         |       |       |       |       |       |       |       |    13 ||    13
Armor: Scale mail        |    16 |       |       |       |       |       |       |       ||    16
       Chain mail        |    13 |    96 |   114 |       |       |       |       |       ||   223
       Skin              |       |       |    50 |       |       |       |       |       ||    50
       Plate armour      |       |       |    43 |   335 |   359 |   374 |   259 |       ||  1370
       Crystal plate arm |       |       |       |       |    43 |       |    49 |   176 ||   268
Dodge: Dodged            |    36 |    65 |   104 |   209 |   312 |   408 |   428 |   317 ||  1879
Block: Buckler           |    19 |    36 |    69 |       |       |       |       |       ||   124
       Kite shield       |       |       |    29 |   434 |       |       |       |       ||   463
       Tower shield      |       |       |       |    71 |  1363 |  1912 |  1777 |   982 ||  6105
       Reflection        |       |       |       |       |       |    72 |   155 |    26 ||   253

Table legend: (Time is in decaauts)
 A = Elapsed time spent in this place.
 B = Non-inter-level travel time spent in this place.
 C = Inter-level travel time spent in this place.
 D = Time resting spent in this place.
 E = Time spent auto-exploring this place.
 F = Levels seen in this place.
 G = Mean time per level.
                   A        B        C        D        E       F      G
               +--------+--------+--------+--------+--------+-----+--------+
         Total |  62413 |  52214 |  10199 |  16187 |  22768 |  51 | 1223.8 |
       Dungeon |  18323 |  14534 |   3789 |   2353 |   8579 |  15 | 1221.5 |
        Temple |    264 |     85 |    179 |      0 |     79 |   1 |  264.0 |
          Lair |   8818 |   7205 |   1613 |    726 |   4584 |   6 | 1469.7 |
        Shoals |   5521 |   4675 |    846 |   1794 |   1486 |   4 | 1380.2 |
     Snake Pit |   8006 |   7308 |    698 |   3057 |   2862 |   4 | 2001.5 |
  Orcish Mines |   1951 |   1274 |    677 |    131 |    480 |   2 |  975.5 |
   Elven Halls |    893 |    797 |     96 |     46 |    593 |   1 |  893.0 |
        Vaults |  10377 |   8915 |   1462 |   3343 |   3651 |   5 | 2075.4 |
        Depths |   1331 |    908 |    423 |    572 |      0 |   4 |  332.8 |
           Zot |   5457 |   5043 |    414 |   4041 |      0 |   5 | 1091.4 |
         Abyss |    318 |    318 |      0 |      0 |      0 |   1 |  318.0 |
        Bazaar |     53 |     53 |      0 |      0 |      0 |   1 |   53.0 |
      Ice Cave |    666 |    666 |      0 |    114 |    300 |   1 |  666.0 |
      Gauntlet |    428 |    428 |      0 |      8 |    154 |   1 |  428.0 |
               +--------+--------+--------+--------+--------+-----+--------+

Top non-repeatable levels by time:
Vaults:4: 3263 daAuts
 Snake:4: 2469 daAuts
Vaults:2: 2310 daAuts
  Lair:2: 2187 daAuts
   Zot:5: 2163 daAuts
 Snake:3: 2155 daAuts
  Lair:3: 2124 daAuts
 Snake:1: 2003 daAuts
   Zot:4: 1994 daAuts
Shoals:4: 1974 daAuts
Vaults:5: 1848 daAuts
    D:10: 1835 daAuts
Vaults:1: 1728 daAuts
     D:8: 1710 daAuts
    D:13: 1706 daAuts
